 Dungeon Crawl Stone Soup version 0.16.2-3-ga078185 (webtiles) character file.

308 gorblad the Skirmisher (level 6, -5/55 HPs)
             Began as a Hill Orc Chaos Knight on Sept 8, 2015.
             Slain by an orc priest
             ... wielding a +0 club
              (6 damage)
             ... on level 3 of the Dungeon.
             The game lasted 00:08:01 (2452 turns).

gorblad the Skirmisher (Hill Orc Chaos Knight)      Turns: 2452, Time: 00:08:01

Health: -5/55      AC: 11    Str: 17    XL:     6   Next: 40%
Magic:  6/6        EV:  7    Int: 12    God:    Xom [...*..]
Gold:   149        SH:  0    Dex: 10    Spells: 0 memorised, 5 levels left

rFire  . . .     SeeInvis .     a - +0 short sword (chaos)
rCold  . . .     Clarity  +     m - +0 chain mail
rNeg   . . .     SustAb   .     (no shield)
rPois  .         Gourm    .     g - +0 helmet
rElec  .         Spirit   .     (no cloak)
rCorr  .         Warding  .     (no gloves)
rMut   .         Stasis   .     u - +0 pair of boots
MR     .....                    n - amulet of clarity
Stlth  ..........               (no ring)
                                (no ring)

@: lethally poisoned (-5 -> -6), not resistant to hostile enchantments,
extremely unstealthy
A: no striking features
a: Renounce Religion, Convert to Beogh


You were on level 3 of the Dungeon.
You worshipped Xom.
You were a favourite toy of Xom.
You were hungry.

You visited 1 branch of the dungeon, and saw 3 of its levels.

You collected 149 gold pieces.

Inventory:

Hand weapons
 a - a +0 short sword of chaos (weapon)
Armour
 b - a +2 leather armour
 g - a +0 helmet (worn)
 i - a +0 ring mail
 k - a +0 scale mail
 m - a +0 chain mail (worn)
 u - a +0 pair of boots (worn)
Jewellery
 n - an amulet of clarity (around neck)
Scrolls
 e - a scroll of identify
 j - 2 scrolls of remove curse
 o - a scroll of enchant weapon {unknown}
 q - a scroll of magic mapping {unknown}
 r - a scroll of fear {unknown}
Potions
 d - a potion of flight
 f - a potion of ambrosia
 h - a potion of haste
Comestibles
 c - 2 meat rations
 l - a beef jerky
 s - a bread ration
 t - a slice of pizza


   Skills:
 + Level 4.9 Fighting
 + Level 4.2 Short Blades
 + Level 4.0 Armour
 + Level 2.3 Dodging
 + Level 1.5 Stealth


You had 5 spell levels left.
You didn't know any spells.

Dungeon Overview and Level Annotations

Branches:
Dungeon (3/15)

Altars:
Dithmenos
Nemelex Xobeh
Ru
Vehumet
Xom


Message History

You hit the orc priest but do no damage.
The orc priest shouts, "Surrender to Beogh and we'll let you live!"
You heal the orc priest.
The orc priest is severely wounded.
The orc priest shouts, "Surrender to Beogh and we'll let you live!"
The orc priest is severely wounded.
The orc priest hits you with a club.
* * * LOW HITPOINT WARNING * * *
You closely miss the orc priest.
The orc priest is severely wounded.
The orc priest threatens, "By the altar or by the axe, you will meet Beogh!"
The orc priest becomes somewhat translucent.
You hit the orc priest but do no damage.
The orc priest goes berserk!
The orc priest is severely wounded.
The orc priest completely misses you.
You hit the orc priest but do no damage.
The orc priest is severely wounded.
The orc priest hits you with a club.
You die...

#####.###### ###
#######.# #
#.......###### #
#.#####...#..######
#.# ####..........
#.# #...##.........
#.##8.>.8##.).....#
#†#.......#÷..(.#..
#)@o..8.<.#†...#((.
###.......#))......
#8.>.8##).)..#..
#...##.#......#
####..#...####
#........#
#........#
#........##
#.........#


You could see an orc priest (berserk).

Vanquished Creatures
  The ghost of gorblad the Skirmisher, an average DsFi (D:3)
  An orc priest (D:3)
  6 adders
  7 gnolls
  3 worms (D:2)
  12 orcs (D:3)
  5 giant cockroaches
  3 hobgoblins
  3 kobolds
  2 ball pythons (D:2)
  4 bats
  3 giant newts
  2 goblins (D:2)
  7 jackals
  13 rats
72 creatures vanquished.

Vanquished Creatures (collateral kills)
  A worm (D:3)
  A quokka (D:3)
2 creatures vanquished.

Vanquished Creatures (others)
  An ufetubus (D:3)
1 creature vanquished.

Grand Total: 75 creatures vanquished

Notes
Turn   | Place    | Note
--------------------------------------------------------------
     0 | D:1      | gorblad, the Hill Orc Chaos Knight, began the quest for the Orb.
     0 | D:1      | Reached XP level 1. HP: 19/19 MP: 1/1
   177 | D:1      | XOM: silly message
   500 | D:1      | XOM: silly message
   544 | D:1      | Reached XP level 2. HP: 27/27 MP: 2/2
   682 | D:2      | Found a radiant altar of Vehumet.
   749 | D:2      | Found a sacrificial altar of Ru.
   750 | D:2      | Found a sparkling altar of Nemelex Xobeh.
   807 | D:2      | Reached skill level 4 in Fighting
   807 | D:2      | Reached skill level 1 in Dodging
   826 | D:2      | Reached XP level 3. HP: 30/33 MP: 3/3
  1031 | D:2      | XOM: colour smoke trail
  1108 | D:2      | Found a shadowy altar of Dithmenos.
  1111 | D:2      | Found a shimmering altar of Xom.
  1144 | D:3      | XOM: confuse monster(s)
  1148 | D:2      | Reached XP level 4. HP: 24/40 MP: 4/4
  1350 | D:3      | XOM: harmless Necr miscast
  1364 | D:2      | XOM: butterfly on damage
  1364 | D:2      | XOM: smoke on damage
  1539 | D:2      | XOM: harmless Pois miscast
  1565 | D:3      | Noticed gorblad's ghost (average DsFi)
  1565 | D:3      | XOM: enchant monster (bad)
  1572 | D:3      | XOM: harmless Air miscast
  1583 | D:3      | XOM: summons 4 friendly demons
  1590 | D:3      | Killed gorblad's ghost
  1590 | D:3      | Reached skill level 1 in Stealth
  1590 | D:3      | Reached XP level 5. HP: 12/47 MP: 5/5
  1621 | D:3      | XOM: noise
  1825 | D:3      | XOM: summons friendly ufetubus
  1885 | D:3      | XOM: medium Trmt miscast
  2159 | D:3      | Reached XP level 6. HP: 49/53 MP: 6/6
  2228 | D:3      | XOM: medium Tloc miscast
  2229 | D:3      | Noticed a spatial vortex
  2229 | D:3      | Noticed a spatial vortex
  2449 | D:3      | HP: 1/55 [orc priest/club (3)]
  2452 | D:3      | Slain by an orc priest

Action                   |  1- 3 |  4- 6 || total
-------------------------+-------+-------++-------
Melee: Short sword       |    99 |   210 ||   309
  Use: Scroll            |     5 |     4 ||     9
       Potion            |       |     1 ||     1
 Stab: Petrifying        |     2 |       ||     2
       Confused          |       |     2 ||     2
       Paralysed         |       |     3 ||     3
       Distracted        |       |     1 ||     1
  Eat: Meat ration       |     1 |       ||     1
